 Dungeon Crawl Stone Soup version 0.30-a0-272-gf98c3da03f (webtiles) character file.

Game seed: 13967933571981376435

593287 porpoise the Slayer (level 26, -1/231 HPs)
             Began as a Demonspawn Gladiator on Oct 13, 2022.
             Was the Champion of Wu Jian.
             Succumbed to a death drake's foul vapour
             ... on level 3 of the Realm of Zot on Oct 16, 2022.
             The game lasted 07:38:53 (75341 turns).

porpoise the Slayer (Demonspawn Gladiator)         Turns: 75341, Time: 07:38:55

Health: -1/231     AC: 35    Str: 29    XL:     26   Next: 27%
Magic:  23/23      EV: 22    Int:  9    God:    Wu Jian [******]
Gold:   5833       SH: 21    Dex: 24    Spells: 19/25 levels left

rFire   + + .      SeeInvis +      - Unarmed
rCold   + + .      Faith    .    I - +1 kite shield {reflect}
rNeg    + + +      Spirit   .    c - +16 crystal plate armour "Poiquff" {rF++ rC+ Dex+4 Stlth-}
rPois   .          Reflect  +    g - +2 helmet of Intercession {Fly rC+ Int-5 Stlth+}
rElec   +          Harm     .    (cloak unavailable)
rCorr   .          Rampage  .    (gloves unavailable)
Will    ++...                    (boots unavailable)
Stlth   ..........               t - amulet "Kirghoen" {Reflect rElec rN+ Int+3 SH+5}
HPRegen 0.58/turn                d - ring of Insomnia {rN+ Str+3 Slay+2 SInv Stlth-}
MPRegen 0.18/turn                h - ring "Mituv" {rN+ Will+ Str+6 Dex+2}

@: agile, lethally poisoned (-1 -> -21), flying, slowed, studying Long Blades,
very slow
A: claws 3, hooves 3, ignite blood 3, powered by pain 3, corrupting presence 2,
weakness stinger 3, clumsy 1, deformed body, no potion heal 1
}: 3/15 runes: serpentine, barnacled, silver
a: Renounce Religion, Wall Jump, Serpent's Lash, Heavenly Storm


You were on level 3 of the Realm of Zot.
You worshipped Wu Jian.
Wu Jian was exalted by your worship.
You visited 11 branches of the dungeon, and saw 49 of its levels.
You visited the Abyss 1 time.
You also visited: Ice Cave.

You collected 10587 gold pieces.
You spent 4754 gold pieces at shops.

Inventory:

Hand Weapons
 a - the +7 demon trident "Taebuodwu" {vamp, Will+ Str+4 SInv}
   (You acquired it on level 2 of the Orcish Mines)

   It occasionally heals its wielder for a portion of the damage dealt when it
   wounds a living foe.
   Str:       It affects your strength (+4).
   SInv:      It lets you see invisible.
   Will:      It increases your willpower.
 b - the +5 demon whip "Spellbinder" {antimagic, Will+}
   (You took it off a spriggan berserker on level 4 of the Depths)

   It reduces the magical energy of the wielder, and disrupts the spells and
   magical abilities of those it strikes.
   Natural abilities and divine invocations are not affected.
   It unleashes wild and unpredictable magical effects upon striking a wizard or
   a creature with magical abilities.
   Will:      It increases your willpower.
Missiles
 e - 26 javelins
 q - 5 poisoned darts
 V - 14 curare-tipped darts (quivered)
Armour
 c - the +16 crystal plate armour "Poiquff" (worn) {rF++ rC+ Dex+4 Stlth-}
   (You acquired it on level 3 of the Shoals)

   Dex:       It affects your dexterity (+4).
   rF:        It greatly protects you from fire.
   rC:        It protects you from cold.
   Stlth:     It makes you less stealthy.
 g - the +2 helmet of Intercession (worn) {Fly rC+ Int-5 Stlth+}
   (You found it on level 14 of the Dungeon)

   Int:       It affects your intelligence (-5).
   rC:        It protects you from cold.
   Fly:       It grants you flight.
   Stlth:     It makes you more stealthy.
 I - a +1 kite shield of reflection (worn)
Jewellery
 d - the ring of Insomnia (left claw) {rN+ Str+3 Slay+2 SInv Stlth-}
   (You found it on level 3 of the Crypt)

   [ring of positive energy]

   Str:       It affects your strength (+3).
   Slay:      It affects your accuracy & damage with ranged weapons and melee
   (+2).
   rN:        It protects you from negative energy.
   SInv:      It lets you see invisible.
   Stlth:     It makes you less stealthy.
 h - the ring "Mituv" (right claw) {rN+ Will+ Str+6 Dex+2}
   (You found it on level 2 of the Vaults)

   [ring of strength]

   Str:       It affects your strength (+6).
   Dex:       It affects your dexterity (+2).
   rN:        It protects you from negative energy.
   Will:      It increases your willpower.
 i - the ring of Jaroara {rElec rPois rC+ rN+ MP+9}
   (You found it on level 3 of the Crypt)

   [ring of positive energy]

   rC:        It protects you from cold.
   rElec:     It insulates you from electricity.
   rPois:     It protects you from poison.
   rN:        It protects you from negative energy.
   MP:        It affects your magic capacity (+9).
 s - an amulet of regeneration
 t - the amulet "Kirghoen" (around neck) {Reflect rElec rN+ Int+3 SH+5}
   (You found it on level 3 of the Elven Halls)

   [amulet of reflection]

   It reflects blocked missile attacks.
   Int:       It affects your intelligence (+3).
   rElec:     It insulates you from electricity.
   rN:        It protects you from negative energy.
   SH:        It affects your SH (+5).
 w - the ring of Pygae {rPois rF+ Will+ Int+2}
   (You took it off a deep elf death mage on level 3 of the Elven Halls)

   [ring of protection from fire]

   Int:       It affects your intelligence (+2).
   rF:        It protects you from fire.
   rPois:     It protects you from poison.
   Will:      It increases your willpower.
 D - a ring of resist corrosion
Wands
 r - a wand of iceblast (58)
 L - a wand of digging (8)
 M - a wand of charming (29)
 O - a wand of quicksilver (7)
 P - a wand of mindburst (34)
 Z - a wand of polymorph (60)
Scrolls
 j - 22 scrolls of teleportation
 l - a scroll of amnesia
 m - 9 scrolls of vulnerability
 n - 12 scrolls of fear
 A - 15 scrolls of butterflies
 B - 6 scrolls of poison
 J - 7 scrolls of magic mapping
 Q - 4 scrolls of summoning
 Y - 5 scrolls of silence
Potions
 k - a potion of haste
 o - a potion of invisibility
 p - 16 potions of attraction
 u - 6 potions of heal wounds
 x - 5 potions of might
 z - 15 potions of lignification
 C - a potion of ambrosia
 E - 4 potions of curing
 G - 4 potions of cancellation
 N - 3 potions of berserk rage
 U - 2 potions of resistance
Miscellaneous
 f - a tin of tremorstones (2/2)
 v - a box of beasts
 K - a phantom mirror
 X - a lightning rod (4/4)


   Skills:
 - Level 24.0 Fighting
 - Level 6.9(8.0) Short Blades
 - Level 6.0(7.5) Long Blades
 - Level 12.0 Maces & Flails
 - Level 14.0 Polearms
 - Level 8.0 Throwing
 + Level 14.5 Armour
 - Level 18.0 Dodging
 - Level 14.1 Shields
 + Level 21.8 Unarmed Combat
 - Level 16.0 Evocations


You had 19 spell levels left.
You knew the following spells:

 Your Spells              Type           Power      Damage    Failure   Level
a - Confusing Touch       Hex            0%         N/A       100%        3
v - Vhi's Electric Charg  Tloc/Air       0%         N/A       100%        3

Your spell library contained the following spells:

 Spells                   Type           Power      Damage    Failure   Level
 Beastly Appendage        Tmut           0%         N/A       100%        1
 Kiss of Death            Conj/Necr      0%         2d5       100%        1
 Magic Dart               Conj           0%         1d3       100%        1
 Necrotise                Necr           0%         1d4       100%        1
 Sandblast                Erth           0%         2d4       100%        1
 Sting                    Tmut/Pois      0%         1d3       100%        1
 Summon Small Mammal      Summ           0%         N/A       100%        1
 Blink                    Tloc           0%         N/A       100%        2
 Call Imp                 Summ           0%         N/A       100%        2
 Cigotuvi's Dreadful Rot  Necr/Pois/Air  0%         N/A       100%        2
 Ensorcelled Hibernation  Hex/Ice        0%         N/A       100%        2
 Momentum Strike          Conj/Tloc      0%         3d8       100%        2
 Passwall                 Tmut/Erth      0%         N/A       100%        2
 Poisonous Vapours        Pois/Air       0%         N/A       100%        2
 Sublimation of Blood     Necr           0%         N/A       100%        2
 Call Canine Familiar     Summ           0%         N/A       100%        3
 Dazzling Flash           Conj/Hex       0%         N/A       100%        3
 Gell's Gravitas          Tloc           0%         N/A       100%        3
 Ignite Poison            Fire/Tmut/Pois 0%         N/A       100%        3
 Inner Flame              Hex/Fire       0%         N/A       100%        3
 Lesser Beckoning         Tloc           0%         N/A       100%        3
 Mephitic Cloud           Conj/Pois/Air  0%         N/A       100%        3
 Ozocubu's Armour         Ice            0%         N/A       100%        3
 Portal Projectile        Hex/Tloc       0%         N/A       100%        3
 Stone Arrow              Conj/Erth      0%         3d7       100%        3
 Summon Guardian Golem    Hex/Summ       0%         N/A       100%        3
 Swiftness                Air            0%         N/A       100%        3
 Teleport Other           Tloc           0%         N/A       100%        3
 Vampiric Draining        Necr           0%         2d6       100%        3
 Anguish                  Hex/Necr       0%         N/A       100%        4
 Animate Dead             Necr           0%         N/A       100%        4
 Dispel Undead            Necr           0%         3d6       100%        4
 Flame Wave               Conj/Fire      0%         2d4       100%        4
 Leda's Liquefaction      Hex/Erth       0%         N/A       100%        4
 Olgreb's Toxic Radiance  Pois           0%         N/A       100%        4
 Passage of Golubria      Tloc           0%         N/A       100%        4
 Petrify                  Tmut/Erth      0%         N/A       100%        4
 Sticky Flame             Conj/Fire      0%         2d3       100%        4
 Summon Lightning Spire   Summ/Air       0%         N/A       100%        4
 Agony                    Necr           0%         N/A       100%        5
 Alistair's Intoxication  Tmut/Pois      0%         N/A       100%        5
 Arcjolt                  Conj/Air       0%         1d10      100%        5
 Blade Hands              Tmut           0%         N/A       100%        5
 Borgnjor's Vile Clutch   Necr/Erth      0%         N/A       100%        5
 Fireball                 Conj/Fire      0%         3d3       100%        5
 Freezing Cloud           Conj/Ice/Air   0%         6-21      100%        5
 Irradiate                Conj/Tmut      0%         3d11      100%        5
 Iskenderun's Battlesphe  Conj           0%         2d6       100%        5
 Lee's Rapid Deconstruct  Erth           0%         3d5*      100%        5
 Metabolic Englaciation   Hex/Ice        0%         N/A       100%        5
 Silence                  Hex/Air        0%         N/A       100%        5
 Summon Forest            Summ/Tloc      0%         N/A       100%        5
 Summon Mana Viper        Hex/Summ       0%         N/A       100%        5
 Yara's Violent Unravell  Hex/Tmut       0%         3d3       100%        5
 Death Channel            Necr           0%         N/A       100%        6
 Dispersal                Tloc           0%         N/A       100%        6
 Eringya's Noxious Bog    Tmut/Pois      0%         N/A       100%        6
 Iron Shot                Conj/Erth      0%         9d1       100%        6
 Simulacrum               Ice/Necr       0%         N/A       100%        6
 Statue Form              Tmut/Erth      0%         N/A       100%        6
 Summon Cactus Giant      Summ           0%         N/A       100%        6
 Dragon Form              Tmut           0%         N/A       100%        7
 Enfeeble                 Hex            0%         N/A       100%        7
 Malign Gateway           Summ/Tloc      0%         N/A       100%        7
 Ozocubu's Refrigeration  Ice            0%         4d7       100%        7
 Spellforged Servitor     Conj/Summ      0%         N/A       100%        7
 Storm Form               Tmut/Air       0%         N/A       100%        7
 Ignition                 Fire           0%         3d3       100%        8
 Lehudib's Crystal Spear  Conj/Erth      0%         10d2      100%        8
 Maxwell's Capacitive Co  Air            0%         ∞         100%        8
 Summon Horrible Things   Summ           0%         N/A       100%        8
 Polar Vortex             Ice            0%         N/A       100%        9


Dungeon Overview and Level Annotations

Branches:
Dungeon (15/15)            Temple (1/1) D:6            Lair (5/5) D:11
 Shoals (4/4) Lair:3        Snake (4/4) Lair:2        Slime (0/5) Lair:5
    Orc (2/2) D:12            Elf (3/3) Orc:2        Vaults (5/5) D:13
  Crypt (3/3) Vaults:3       Tomb (0/3) Crypt:3      Depths (4/4) D:15
    Zot (3/5) Depths:4      IceCv (visited)

Altars:
Ashenzari
Cheibriados
Dithmenos
Fedhas
Gozag
Hepliaklqana
Kikubaaqudgha
Makhleb
Nemelex Xobeh
Okawaru
Qazlal
Ru
Sif Muna
Trog
Uskayaw
Vehumet
Wu Jian
Xom
Yredelemnul

Shops:
D:6 *   D:8 *   D:9 *   D:12 *   Orc:2 ([:*   Elf:1 [[=   Elf:3 (   Shoals:1 :
Shoals:3 *   Snake:4 =   Vaults:4 (   Vaults:5 *

Portals:
Hell: Depths:1 Depths:2 Depths:3 Depths:4
Abyss: Depths:1 Depths:3 Depths:4
Pandemonium: Depths:2 Depths:3 Depths:4
Ziggurat: Depths:4

Annotations:
Snake:1 2 transporters, exclusion: orange crystal statue
Elf:3 exclusions: 2 doors and 1 more exclusion
Depths:1 2 transporters
Depths:2 2 runed translucent doors, Bilir's ghost, adept DECj


Innate Abilities, Weirdness & Mutations

You have claws for hands.
You have hooves in place of feet.
Your demonic aura causes all spilled blood to erupt in flames.
You are powered by pain.
Your presence sometimes corrodes or deforms those you injure.
You have a sharp stinger which inflicts weakening toxins.
You are clumsy. (Dex -2)
Armour fits poorly on your strangely shaped body.
Potions are less effective at restoring your health.


Message History

You are lethally poisoned!
* * * LOW HITPOINT WARNING * * *
x2 You feel extremely sick.
You block the death drake's attack. The death drake closely misses you.
The death drake attacks as you move away!
You block the death drake's attack.
* * * LOW HITPOINT WARNING * * *
You feel extremely sick.
The white draconian stormcaller prays to Qazlal.
You block the death drake's attack.
The death drake bites you but does no damage.
Your system partially rejects the healing.
You feel much better.
* * * LOW HITPOINT WARNING * * *
You feel extremely sick. The death drake breathes miasma at you.
The foul vapour engulfs you but does no damage.
The death drake breathes miasma at you. The foul vapour misses you.
The death drake barely misses you. You block the death drake's attack.
Unknown command.
Your system partially rejects the healing.
You feel much better.
You are engulfed in dark miasma.
You are more poisoned.
* * * LOW HITPOINT WARNING * * *
x2 You feel extremely sick.
You block the death drake's attack.
The death drake bites you but does no damage.
You block the death drake's attack. The death drake completely misses you.
Your system partially rejects the healing.
You feel better.
The death drake completely misses you. x3
The death drake breathes miasma at you. The foul vapour engulfs you.
You are lethally poisoned!
* * * LOW HITPOINT WARNING * * *
Unknown command.
Blink to where?
Press: ? - help, Dir - move target
As you read the scroll of blinking, it crumbles to dust.
You die...

####
##########################....#
#..............................
#..............................
#.................).°..........
#########.##........°°°........
#..........@.....°○k.k......
#..##............°°k....###.
#..#.#............).....#q#k
#..#)#...###~~~~~~.##..)###.
#.......)...≈≈≈~~≈#.#.......
#).......###~~~~~≈##........
##.#.....~~~..⌠...~≈~.....##
##.#.....~~~...>..~≈~....(#q
##)#.....~~≈..>...~~~.....##


There were no monsters in sight!

Vanquished Creatures
  A dread lich (Vaults:5)
  An orb of fire (Zot:2)
  An ancient lich (Vaults:5)
  A juggernaut (Depths:4)
  Sojobo (Vaults:2)
  Boris (Depths:3)
  Josephina (Crypt:2)
  A royal mummy (Crypt:3)
  The ghost of Uroast the Impregnable, a veteran MiGl of Hepliaklqana (Crypt:1)
  Saint Roka (Orc:2)
  Nikola (Depths:2)
  6 golden dragons
  A caustic shrike (Depths:4)
  2 Tzitzimimeh (Depths:3)
  2 doom hounds (Depths:3)
  An electric golem (Zot:2)
  15 tentacled monstrosities
  Mlioglotl (Shoals:4)
  5 liches
  A walking crystal tome (Depths:3)
  Grunn (Depths:3)
  A walking frostbound tome (Depths:3)
  A quicksilver dragon (shapeshifter) (Depths:4)
  2 deep elf master archers (Elf:3)
  7 titans
  3 quicksilver dragons
  7 death cobs
  3 deep elf blademasters
  A kraken (Shoals:1)
  The ghost of ChongLi the Brawler, an adept DrTm of Wu Jian (Elf:3)
  An ancient champion (Crypt:2)
  Frances (Shoals:1)
  Polyphemus (Shoals:4)
  6 tengu reavers
  6 sphinxes
  Kirke (Elf:1)
  Roxanne (Shoals:1)
  10 shadow dragons
  2 draconian monks
  The ghost of OstrichLN the Executioner, a journeyman MiFi of Jiyva (Elf:1)
  2 draconian knights
  The ghost of brightshaft the Bludgeoner, a journeyman MiFi of Ru (Orc:2)
  11 storm dragons
  10 fire giants
  4 deep elf sorcerers (Elf:3)
  7 draconian scorchers
  11 vault wardens
  15 nagarajas
  Aizul (Snake:1)
  11 frost giants
  A ghost moth (Zot:2)
  A cacodemon (Depths:2)
  Louise (Depths:3)
  3 curse skulls
  3 draconian stormcallers (Zot:3)
  2 iron dragons
  7 deep elf elementalists
  A juggernaut zombie (Depths:4)
  7 draconian shifters
  2 orc warlords
  12 ghouls
  A caustic shrike skeleton (Depths:4)
  20 very ugly things
  A war gargoyle (Vaults:4)
  4 spriggan defenders
  2 reapers
  A juggernaut skeleton (Crypt:3)
  10 ironbound thunderhulks
  24 stone giants
  23 ironbound preservers
  Nessos (D:12)
  5 vampire knights
  6 yellow draconians
  6 green draconians
  A putrid mouth (Depths:3)
  4 black draconians
  8 dire elephants
  5 deep elf annihilators
  13 spark wasps
  5 deep elf demonologists
  A red draconian (Zot:3)
  8 white draconians
  3 minotaurs
  4 purple draconians
  A blizzard demon (Depths:3)
  3 eidola
  6 crystal guardians
  14 ettins
  5 mummy priests (Crypt:3)
  6 merfolk impalers
  2 merfolk javelineers
  A fire dragon (shapeshifter) (Vaults:5)
  13 jiangshi
  12 deep elf death magi
  The ghost of Manan the Cleaver, a journeyman MiBe of Trog (Orc:1)
  The ghost of Manan the Cleaver, a journeyman MiBe of Trog (Orc:1)
  3 rakshasas
  7 fire dragons
  14 ice dragons
  21 yaktaur captains
  7 great orbs of eyes
  30 vault guards
  5 peacekeepers
  A spriggan zombie (Crypt:1)
  5 deep elf high priests
  3 entropy weavers
  A fenstrider witch zombie (Crypt:3)
  A spectral sphinx (Depths:1)
  A quicksilver dragon skeleton (Vaults:4)
  3 salamander tyrants (Snake:4)
  6 boulder beetles
  2 death knights
  2 catoblepae
  3 alligator snapping turtles
  6 anacondas
  2 merfolk avatars
  18 ironbound frosthearts
  5 hydras
  7 spriggan air magi
  2 merfolk aquamancers (Shoals:4)
  A juggernaut simulacrum (Depths:1)
  Erica (D:9)
  14 centaur warriors
  An ogre mage (D:14)
  12 two-headed ogres
  8 death yaks
  31 dancing weapons
  9 tengu warriors
  2 deep troll shamans (Depths:3)
  3 hell hogs (Depths:2)
  The ghost of sirJeffrey23 the Geomancer, a novice DrEE of Ashenzari (D:9)
  9 deep troll earth magi
  13 vampire magi
  An Orb Guardian skeleton (Crypt:3)
  9 satyrs
  8 spriggan berserkers
  21 naga warriors
  7 naga sharpshooters
  2 thrashing horrors (Abyss:3)
  2 hell knights (Depths:4)
  A storm dragon zombie (Depths:1)
  6 orc high priests (Orc:2)
  6 shock serpents
  23 deep elf knights
  Sonja (Lair:3)
  6 spriggans
  A soul eater (Vaults:3)
  20 skeletal warriors
  A spark wasp zombie (Depths:4)
  9 sun demons
  A titan skeleton (Crypt:1)
  A goliath frog (Lair:5)
  Amaemon (Lair:3)
  A golden dragon zombie (Crypt:1)
  An anaconda zombie (Crypt:1)
  6 glowing orange brains
  A death drake (shapeshifter) (D:13)
  7 flayed ghosts
  A spectral iron dragon (Depths:1)
  5 iron trolls
  A spriggan rider (Depths:1)
  69 deep trolls
  8 naga ritualists
  10 sea snakes
  8 phantasmal warriors
  A bunyip skeleton (Crypt:1)
  An anaconda skeleton (Crypt:3)
  20 deep elf archers
  17 ironbound convokers
  13 lindwurms
  13 wizards
  An orange crystal statue (IceCv)
  10 bog bodies
  32 deep elf pyromancers
  A shining eye (Depths:1)
  32 harpies
  20 fauns
  A spriggan simulacrum (Crypt:2)
  13 necromancers
  2 tengu skeletons (Vaults:2)
  A sphinx zombie (Depths:1)
  A lindwurm (shapeshifter) (Elf:3)
  A manticore (shapeshifter) (Depths:4)
  22 deep elf zephyrmancers
  A frost giant zombie (Depths:1)
  55 ugly things
  A stone giant zombie (Vaults:2)
  7 cyclopes
  8 mana vipers
  An oklob plant (Lair:5)
  6 orc knights
  22 manticores
  7 salamanders
  4 orc sorcerers
  46 black mambas
  11 moths of wrath
  A stone giant skeleton (Crypt:1)
  An iron dragon skeleton (Crypt:3)
  6 water nymphs
  A titan simulacrum (Crypt:2)
  A fire giant skeleton (Vaults:4)
  Joseph (D:10)
  13 merfolk sirens
  24 vault sentinels
  7 guardian serpents
  15 naga magi
  3 dire elephant zombies
  A water nymph (shapeshifter) (Vaults:5)
  13 elephants (Lair:5)
  A torpor snail (shapeshifter) (Vaults:5)
  2 orange demons
  2 torpor snails
  A hellion (Depths:1)
  5 centaur skeletons
  3 gargoyles
  16 cane toads
  A dire elephant skeleton (Crypt:1)
  A green draconian zombie (Crypt:3)
  Psyche (D:7)
  A kobold demonologist (D:13)
  Maggie (D:7)
  A death yak zombie (Crypt:2)
  A swamp worm zombie (Crypt:2)
  15 rime drakes
  2 ice devils (Depths:2)
  3 tengu conjurers
  A red draconian zombie (Crypt:2)
  2 spriggan skeletons (Depths:1)
  A silent spectre (Vaults:1)
  A harpy zombie (Crypt:3)
  33 guardian mummies (Crypt:3)
  10 komodo dragons
  2 freezing wraiths (Vaults:5)
  35 yaktaurs
  4 red devils (D:15)
  3 tyrant leeches (Lair:5)
  7 polar bears
  A queen bee (shapeshifter) (D:14)
  A pale draconian skeleton (Crypt:2)
  32 merfolk
  6 hornets
  A tengu simulacrum (Depths:1)
  3 trolls
  5 wind drakes
  Prince Ribbit (D:7)
  19 blink frogs
  15 slime creatures
  13 dream sheep
  8 snapping turtles
  A jumping spider (Vaults:4)
  A meliai zombie (Crypt:3)
  3 wyverns
  A spriggan (shapeshifter) (D:13)
  3 shadows
  19 water elementals
  A black mamba zombie (Crypt:1)
  2 ice dragon skeletons
  5 wraiths
  A ynoxinul (Depths:2)
  3 hogs (Elf:1)
  7 ushabtiu (Crypt:3)
  3 air elementals (Elf:1)
  A human (shapeshifter) (Elf:1)
  24 yaks
  3 steam dragons
  5 fire elementals
  5 redbacks
  A basilisk (Lair:5)
  2 human simulacra
  5 vampire mosquitoes (Lair:5)
  Menkaure (D:4)
  A deep troll zombie (Crypt:3)
  36 nagas
  A spatial vortex (Abyss:3)
  3 swamp worms (Lair:2)
  6 wargs
  An acid dragon (D:12)
  A harpy simulacrum (Crypt:2)
  19 water moccasins
  A water nymph skeleton (Crypt:2)
  Duvessa (D:4)
  2 floating eyes (shapeshifter)
  A hell hound (Depths:1)
  A hydra simulacrum (Crypt:2)
  A cane toad skeleton (Crypt:1)
  38 orc warriors
  8 ice beasts
  A sky beast (D:6)
  2 black bears
  A black bear (shapeshifter) (Vaults:5)
  3 ettin simulacra (Depths:2)
  12 wolves
  14 centaurs
  4 ogres
  A kobold brigand (D:11)
  13 bullfrogs
  3 earth elementals
  A scorpion (D:5)
  12 necrophages
  3 human skeletons
  A glowing shapeshifter simulacrum (Depths:1)
  A gnoll sergeant (D:8)
  6 wights (D:8)
  Dowan (D:4)
  5 killer bees (D:8)
  A raiju skeleton (Crypt:1)
  3 electric eels
  6 howler monkeys
  7 hounds
  2 jellies
  Crazy Yiuf (D:2)
  11 orc priests
  Jessica (D:2)
  2 iguanas
  A scorpion zombie (Crypt:2)
  23 orc wizards
  A deep dwarf zombie (Crypt:1)
  6 mummies (Crypt:3)
  9 adders
  13 gnolls
  A steam dragon skeleton (Crypt:1)
  A white imp (D:6)
  An iguana zombie (Crypt:3)
  3 worms
  3 dart slugs
  88 orcs
  6 ball pythons
  A bat skeleton (Crypt:2)
  8 endoplasms
  2 giant cockroaches
  7 goblins
  4 hobgoblins
  6 jackals
  16 kobolds
  2 quokkas
  6 bats
  A frilled lizard (D:2)
  A hobgoblin zombie (Crypt:2)
  An orc skeleton (Crypt:1)
  9 rats
2216 creatures vanquished.

Vanquished Creatures (collateral kills)
  An ancient lich (Depths:1)
  Mara (Vaults:4)
  The ghost of sirJeffrey23 the Slayer, an adept HOFi of Beogh (Depths:1)
  Donald (Vaults:3)
  2 curse skulls
  2 spectral golden dragons (Depths:1)
  A flayed ghost (Crypt:1)
  A spectral glowing shapeshifter (Depths:1)
  A freezing wraith (Crypt:1)
  A shadow dragon simulacrum (Depths:1)
  A tengu simulacrum (Depths:1)
  An iron dragon simulacrum (Depths:1)
  4 yaks (D:9)
18 creatures vanquished.

Vanquished Creatures (others)
  A sphinx (Vaults:5)
  A deep elf knight (Elf:2)
  A bunyip zombie (Crypt:2)
  A spriggan simulacrum (Crypt:2)
  A titan simulacrum (Crypt:2)
  A harpy zombie (Crypt:2)
  A dire elephant simulacrum (Crypt:2)
  2 orcs
  A rat skeleton (Crypt:3)
  26 fungi
  102 plants
  8 tentacles (Shoals:1)
  5 withered plants (Orc:1)
151 creatures vanquished.

Grand Total: 2385 creatures vanquished

Notes
Turn   | Place    | Note
-------+----------+-------------------------------------------
     0 | D:1      | porpoise the Demonspawn Gladiator began the quest for the
                  | Orb.
     0 | D:1      | Reached XP level 1. HP: 16/16 MP: 1/1
    58 | D:1      | Gained mutation: You sometimes gain a little power by
                  | taking damage. [demonic ancestry]
    58 | D:1      | Reached XP level 2. HP: 19/22 MP: 2/2
   701 | D:1      | Reached XP level 3. HP: 28/28 MP: 3/3
  1261 | D:2      | Noticed Jessica
  1275 | D:2      | Killed Jessica
  1276 | D:2      | Reached skill level 3 in Fighting
  1276 | D:2      | Discovered your monstrous ancestry.
  1276 | D:2      | Gained mutation: You have large cloven feet. [demonic
                  | ancestry]
  1276 | D:2      | Reached XP level 4. HP: 35/35 MP: 4/4
  1629 | D:2      | Found a runed translucent door.
  1630 | D:2      | Noticed Crazy Yiuf
  1639 | D:2      | Killed Crazy Yiuf
  1640 | D:2      | Gained mutation: Your demonic aura sometimes causes spilled
                  | blood to erupt in flames. [demonic ancestry]
  1640 | D:2      | Reached XP level 5. HP: 10/41 MP: 5/5
  2252 | D:3      | Identified the +7 dagger of the Coin {vorpal, Int+4}
  2726 | D:4      | Noticed Duvessa
  2737 | D:4      | Noticed Dowan
  2751 | D:4      | Killed Duvessa
  2752 | D:4      | Reached skill level 4 in Fighting
  2752 | D:4      | Reached skill level 5 in Polearms
  2752 | D:4      | Gained mutation: You have a small tail. [demonic ancestry]
  2752 | D:4      | Reached XP level 6. HP: 11/48 MP: 6/6
  2757 | D:4      | Killed Dowan
  3172 | D:4      | Noticed Menkaure
  3185 | D:4      | Killed Menkaure
  3186 | D:4      | Reached XP level 7. HP: 20/55 MP: 7/7
  3865 | D:5      | Entered Level 5 of the Dungeon
  4587 | D:5      | Reached skill level 5 in Fighting
  5462 | D:6      | Gained mutation: You have hoof-like feet. [demonic
                  | ancestry]
  5462 | D:6      | Reached XP level 8. HP: 62/64 MP: 8/8
  5500 | D:6      | Found Ioat's Incredible Inventory.
  5517 | D:6      | Reached skill level 6 in Fighting
  5759 | D:6      | Bought a potion of invisibility for 96 gold pieces
  5759 | D:6      | Bought a scroll of identify for 24 gold pieces
  5778 | D:6      | Found a staircase to the Ecumenical Temple.
  5787 | Temple   | Entered the Ecumenical Temple
  5933 | Temple   | Became a worshipper of the Wu Jian Council
  6103 | D:6      | Noticed a two-headed ogre
  6114 | D:6      | Killed a two-headed ogre
  6115 | D:6      | Reached skill level 7 in Fighting
  6115 | D:6      | Reached XP level 9. HP: 43/72 MP: 9/9
  6423 | D:7      | Reached skill level 1 in Armour
  6423 | D:7      | Reached skill level 1 in Shields
  6725 | D:7      | Noticed Prince Ribbit
  6740 | D:7      | Killed Prince Ribbit
  6777 | D:7      | Noticed Maggie
  6784 | D:7      | Killed Maggie
  6785 | D:7      | Reached skill level 10 in Polearms
  7557 | D:7      | Identified 2 scrolls of acquirement
  7557 | D:7      | Acquired the +5 demon trident "Zinaste" {elec, rElec Int+4}
  7559 | D:7      | Acquired a manual of Fighting
  7869 | D:8      | Reached * piety under Wu Jian
  8230 | D:8      | Gained mutation: You have hooves in place of feet. [demonic
                  | ancestry]
  8230 | D:8      | Reached XP level 10. HP: 70/78 MP: 10/10
  8445 | D:8      | Noticed Psyche
  8505 | D:7      | Killed Psyche
  9067 | D:8      | Found Hubisiz's Assorted Antiques.
  9082 | D:8      | Bought a scroll labelled XOTWAENEUM for 19 gold pieces
  9082 | D:8      | Bought a pearl ring for 95 gold pieces
  9187 | D:8      | Found a shimmering blue altar of Sif Muna.
  9245 | D:9      | Found a shadowy altar of Dithmenos.
  9275 | D:9      | Reached skill level 8 in Fighting
  9794 | D:9      | Found Kaehathrikui's Changing Room.
  9887 | D:9      | Noticed Erica
  9898 | D:9      | Killed Erica
  9899 | D:9      | Reached skill level 5 in Armour
  9899 | D:9      | Reached skill level 5 in Shields
 10030 | D:9      | Found a runed translucent gate.
 10030 | D:9      | Noticed sirJeffrey23's ghost (novice DrEE)
 10031 | D:9      | Found a runed translucent gate.
 10032 | D:9      | Found a runed translucent gate.
 10168 | D:10     | Entered Level 10 of the Dungeon
 10237 | D:10     | Noticed a cyclops
 10246 | D:10     | Killed a cyclops
 10246 | D:10     | Reached ** piety under Wu Jian
 10247 | D:10     | Reached skill level 9 in Fighting
 10247 | D:10     | Reached skill level 1 in Evocations
 10831 | D:10     | Noticed a fire dragon
 10846 | D:10     | Killed a fire dragon
 11272 | D:10     | Found a basalt altar of Yredelemnul.
 11362 | D:10     | Gained mutation: You have sharp fingernails. [demonic
                  | ancestry]
 11362 | D:10     | Reached XP level 11. HP: 89/89 MP: 11/11
 11409 | D:10     | Noticed Joseph
 11420 | D:10     | Killed Joseph
 11991 | D:11     | Reached *** piety under Wu Jian
 12202 | D:11     | Noticed a two-headed ogre
 12211 | D:11     | Killed a two-headed ogre
 12605 | D:11     | Noticed a boulder beetle
 12625 | D:11     | Killed a boulder beetle
 12626 | D:11     | Reached skill level 10 in Fighting
 12626 | D:11     | Reached skill level 5 in Dodging
 12813 | D:11     | Found a staircase to the Lair.
 12824 | D:11     | Reached skill level 5 in Evocations
 12867 | D:11     | Noticed a red ugly thing
 12879 | D:11     | Killed a red ugly thing
 13387 | D:11     | Noticed a centaur warrior
 13388 | D:11     | Noticed a boulder beetle
 13486 | D:11     | Noticed a two-headed ogre
 13490 | D:11     | Killed a two-headed ogre
 13672 | D:11     | Reached skill level 11 in Fighting
 13674 | D:11     | Killed a centaur warrior
 13687 | D:11     | Gained mutation: You have very sharp fingernails. [demonic
                  | ancestry]
 13687 | D:11     | Reached XP level 12. HP: 76/100 MP: 12/12
 13690 | D:11     | Killed a boulder beetle
 13691 | D:11     | Reached skill level 1 in Unarmed Combat
 13767 | D:11     | Upgraded the game from 0.30-a0-250-g41c1d76940 to
                  | 0.30-a0-263-ge22c4ad894
 13913 | Lair:1   | Entered Level 1 of the Lair of Beasts
 14488 | Lair:1   | Reached **** piety under Wu Jian
 14500 | Lair:1   | Noticed a catoblepas
 14510 | Lair:1   | Killed a catoblepas
 14570 | Lair:1   | Reached skill level 12 in Fighting
 14756 | Lair:1   | Noticed a death yak
 14772 | Lair:1   | Killed a death yak
 15517 | Lair:2   | Reached skill level 5 in Unarmed Combat
 15782 | Lair:2   | Noticed a five-headed hydra
 15787 | Lair:2   | Killed a five-headed hydra
 16203 | Lair:2   | Found a staircase to the Snake Pit.
 16246 | Lair:2   | Noticed a six-headed hydra
 16255 | Lair:2   | Killed a six-headed hydra
 16256 | Lair:2   | Reached skill level 13 in Fighting
 16823 | Lair:3   | Identified the +1 pair of boots of Vurcheru {Harm MP+9
                  | Str+2 Int+4}
 16981 | Lair:3   | Found a staircase to the Shoals.
 17283 | Lair:3   | Found a runed translucent door.
 17324 | Lair:3   | Noticed Amaemon
 17324 | Lair:3   | Noticed Sonja
 17330 | Lair:3   | Killed Amaemon
 17331 | Lair:3   | Reached XP level 13. HP: 81/109 MP: 13/13
 17338 | Lair:3   | Killed Sonja
 17392 | Lair:3   | Reached skill level 14 in Fighting
 17973 | Lair:3   | Upgraded the game from 0.30-a0-263-ge22c4ad894 to
                  | 0.30-a0-269-gf0224bf7b6
 18018 | Lair:4   | Noticed Urug
 18021 | Lair:4   | Urug changed into Urug the manticore
 18021 | Lair:4   | Noticed Urug
 18027 | Lair:4   | Killed Urug the manticore
 18558 | Lair:4   | Learned a level 3 spell: Vhi's Electric Charge
 18881 | Lair:5   | Entered Level 5 of the Lair of Beasts
 19215 | D:12     | Noticed Nessos
 19224 | D:12     | Killed Nessos
 19337 | D:12     | Learned a level 3 spell: Confusing Touch
 19544 | D:12     | Identified the +1 robe of Uskayaw, Shifting {Str+4}
 19817 | D:12     | Found a staircase to the Orcish Mines.
 19849 | D:12     | Reached ***** piety under Wu Jian
 19962 | D:12     | Identified the +7 flail of Collusion {holy, rElec Int+6
                  | Stlth+}
 20094 | D:12     | Found Bafrip's Assorted Antiques.
 20479 | D:13     | Reached skill level 5 in Throwing
 20674 | D:13     | Identified the +8 rapier "Yrhole" {vorpal, rPois}
 20727 | D:13     | Gained mutation: Your demonic aura often causes spilled
                  | blood to erupt in flames. [demonic ancestry]
 20727 | D:13     | Reached XP level 14. HP: 86/120 MP: 14/14
 21257 | D:13     | Found a gate to the Vaults.
 21731 | D:14     | Reached skill level 15 in Fighting
 21733 | D:14     | Reached skill level 10 in Unarmed Combat
 21892 | D:14     | Identified the +0 chain mail of Wu Jian's Displeasure
                  | {rPois Regen+ Int-3 Slay+5}
 22420 | D:14     | Identified the +2 helmet of Intercession {Fly rC+ Int-5
                  | Stlth+}
 22796 | D:14     | Found a hide-covered altar of Uskayaw.
 23083 | D:15     | Entered Level 15 of the Dungeon
 23354 | D:15     | Reached skill level 16 in Fighting
 23871 | D:15     | Gained mutation: You sometimes gain power by taking damage.
                  | [demonic ancestry]
 23871 | D:15     | Reached XP level 15. HP: 99/131 MP: 15/15
 23925 | D:15     | Found a staircase to the Depths.
 24502 | Orc:1    | Entered Level 1 of the Orcish Mines
 25185 | Orc:1    | Found a runed translucent gate.
 25190 | Orc:1    | Found a runed translucent gate.
 25191 | Orc:1    | Found a runed translucent gate.
 25192 | Orc:1    | Noticed Manan's ghost (journeyman MiBe)
 25193 | Orc:1    | Noticed Manan's ghost (journeyman MiBe)
 25367 | Orc:2    | Entered Level 2 of the Orcish Mines
 25383 | Orc:2    | Reached ****** piety under Wu Jian
 25395 | Orc:2    | Found Yleota's Antique Armour Shop.
 25412 | Orc:2    | Bought a shiny buckler for 180 gold pieces
 25454 | Orc:2    | Found a staircase to the Elven Halls.
 25478 | Orc:2    | Found Ycinuf's Antique Weapon Boutique.
 25522 | Orc:2    | Bought a runed sling for 85 gold pieces
 25583 | Orc:2    | Found a runed translucent door.
 25583 | Orc:2    | Found a shimmering altar of Xom.
 25583 | Orc:2    | Identified the +8 dire flail of Tithiguz {chaos, rC++}
 25583 | Orc:2    | Noticed brightshaft's ghost (journeyman MiFi)
 25625 | Orc:2    | Killed brightshaft's ghost
 25692 | Orc:2    | Acquired 762 gold pieces
 25694 | Orc:2    | Acquired the +7 demon trident "Taebuodwu" {vamp, Will+
                  | Str+4 SInv}
 25696 | Orc:2    | Acquired the +10 demon trident "Jasch" {drain, rPois Str+4}
 25754 | Orc:2    | Found Haotocuth's Book Shoppe.
 26030 | Orc:2    | Noticed Saint Roka
 26134 | Orc:2    | Found Fioclif's General Store.
 26212 | Orc:2    | Bought a manual of Dodging for 960 gold pieces
 26268 | Orc:2    | Killed Saint Roka
 27351 | Lair:5   | Found a shimmering blue altar of Sif Muna.
 27500 | Lair:5   | Found a staircase to the Slime Pits.
 28503 | Snake:1  | Entered Level 1 of the Snake Pit
 28510 | Snake:1  | Found a transporter.
 28524 | Snake:1  | Found a transporter.
 28539 | Snake:1  | Gained mutation: You are powered by pain. [demonic
                  | ancestry]
 28539 | Snake:1  | Reached XP level 16. HP: 137/138 MP: 16/16
 29072 | Snake:1  | Noticed Aizul
 29082 | Snake:1  | Killed Aizul
 30130 | Snake:2  | Found a frozen archway.
 30145 | IceCv    | Entered an ice cave
 30415 | IceCv    | Reached skill level 10 in Shields
 30707 | IceCv    | Lost intelligence.
 31135 | Snake:2  | Lost intelligence.
 31187 | Snake:2  | Reached skill level 10 in Dodging
 32527 | Snake:3  | Gained mutation: Your demonic aura causes all spilled blood
                  | to erupt in flames. [demonic ancestry]
 32527 | Snake:3  | Reached XP level 17. HP: 143/144 MP: 17/17
 33578 | Snake:4  | Entered Level 4 of the Snake Pit
 33615 | Snake:4  | Found Domnoum's Jewellery Shop.
 34265 | Snake:4  | Identified the +7 shortbow "Weshru" {freeze, Int+4 Dex-5}
 34347 | Snake:4  | Reached skill level 15 in Unarmed Combat
 34961 | Snake:4  | Got a serpentine rune of Zot
 35609 | Lair:1   | Upgraded the game from 0.30-a0-269-gf0224bf7b6 to
                  | 0.30-a0-272-gf98c3da03f
 35671 | Shoals:1 | Entered Level 1 of the Shoals
 36027 | Shoals:1 | Noticed a kraken
 36039 | Shoals:1 | Killed a kraken
 36110 | Shoals:1 | Noticed Frances
 36111 | Shoals:1 | Gained mutation: You have a tail ending in a sharp stinger.
                  | [demonic ancestry]
 36111 | Shoals:1 | Reached XP level 18. HP: 139/151 MP: 18/18
 36118 | Shoals:1 | Found Teish's Vocational Training.
 36122 | Shoals:1 | Killed Frances
 36164 | Shoals:1 | Identified Roxanne's Omnibus of Permutations
 36164 | Shoals:1 | Noticed Roxanne
 36185 | Shoals:1 | Killed Roxanne
 37694 | D:12     | Bought a scroll of enchant armour for 210 gold pieces
 37694 | D:12     | Acquired 927 gold pieces
 37863 | Shoals:1 | Bought a manual of Evocations for 1440 gold pieces
 38538 | Shoals:3 | Found Feabb's CLEARANCE SALE!.
 38559 | Shoals:3 | Bought a wand of mindburst (4) for 39 gold pieces
 38559 | Shoals:3 | Bought a wand of polymorph (6) for 58 gold pieces
 38559 | Shoals:3 | Bought a scroll of acquirement for 364 gold pieces
 39126 | Lair:1   | Acquired the +16 crystal plate armour "Poiquff" {rF++ rC+
                  | Dex+4 Stlth-}
 39276 | Shoals:4 | Entered Level 4 of the Shoals
 39427 | Shoals:4 | Reached skill level 10 in Evocations
 39647 | Shoals:4 | Noticed Mlioglotl
 39661 | Shoals:4 | Killed Mlioglotl
 40079 | Shoals:3 | Gained mutation: Your presence sometimes corrodes those you
                  | injure. [demonic ancestry]
 40079 | Shoals:3 | Reached XP level 19. HP: 157/157 MP: 19/19
 40186 | Shoals:4 | Noticed Polyphemus
 40195 | Shoals:4 | Killed Polyphemus
 40241 | Shoals:4 | Got a barnacled rune of Zot
 40296 | Shoals:4 | Identified the +4 rapier of Youthful Indiscretion {protect,
                  | Int+2 Dex+9}
 40761 | Depths:1 | Entered Level 1 of the Depths
 40761 | Depths:1 | Found a one-way gate to the infinite horrors of the Abyss.
 40945 | Depths:1 | Found a gateway to Hell.
 40977 | Depths:1 | Reached skill level 10 in Armour
 41103 | Depths:1 | Noticed a golden dragon
 41112 | Depths:1 | Killed a golden dragon
 41277 | Depths:1 | Found a transporter.
 41279 | Depths:1 | Found a transporter.
 41279 | Depths:1 | Found a transporter.
 41456 | Depths:1 | Found a transporter.
 41747 | Depths:1 | Found a runed translucent gate.
 41747 | Depths:1 | Found a runed translucent gate.
 41747 | Depths:1 | Found a runed translucent gate.
 41749 | Depths:1 | Noticed an ancient lich
 41749 | Depths:1 | Noticed sirJeffrey23's ghost (adept HOFi)
 41980 | Vaults:1 | Entered Level 1 of the Vaults
 42067 | Vaults:1 | Reached skill level 15 in Evocations
 42572 | Vaults:1 | Gained mutation: You have a sharp stinger which inflicts
                  | weakening toxins. [demonic ancestry]
 42572 | Vaults:1 | Reached XP level 20. HP: 164/164 MP: 20/20
 42977 | Vaults:1 | Identified the +2 leather armour "Vigown" {+Blink rPois
                  | rC+++ Will-}
 43211 | Vaults:1 | Found a transporter.
 43218 | Vaults:1 | Found a transporter.
 43271 | Vaults:1 | Found a bloodstained altar of Trog.
 43271 | Vaults:1 | Found the necklace of Bloodlust {*Rage Will++ Int-3 Slay+6}
 43352 | Vaults:1 | Found a runed translucent door.
 43449 | Vaults:1 | Identified the +1 plate armour "Gichiw" {MP+9}
 43955 | Vaults:2 | Identified the +1 robe of Weightlessness {+Inv rC+ Will-
                  | Int+6}
 44361 | Vaults:2 | Noticed Sojobo
 44378 | Vaults:2 | Killed Sojobo
 44524 | Vaults:2 | Reached skill level 17 in Fighting
 44715 | Vaults:2 | Identified the ring "Mituv" {rN+ Will+ Str+6 Dex+2}
 44775 | Vaults:2 | Identified the +1 robe of Limited Liability {rN+ Str-2
                  | Dex+2}
 45726 | Vaults:3 | Reached skill level 18 in Fighting
 46096 | Vaults:3 | Reached XP level 21. HP: 177/177 MP: 21/21
 46414 | Vaults:3 | Noticed Donald
 46433 | Abyss:3  | Cast into level 3 of the Abyss (Donald)
 46477 | Vaults:3 | Escaped the Abyss
 46496 | Vaults:3 | Killed Donald
 46653 | Vaults:3 | Found a staircase to the Crypt.
 47862 | Vaults:4 | Found Haberu's Weapon Emporium.
 48297 | Vaults:4 | Reached skill level 15 in Dodging
 48518 | Vaults:4 | Noticed Mara
 48521 | Vaults:4 | Noticed porpoise's illusion
 48925 | Vaults:4 | Reached skill level 19 in Fighting
 49038 | Vaults:5 | Entered Level 5 of the Vaults
 49117 | Vaults:5 | Noticed an ancient lich
 49118 | Vaults:5 | Noticed a dread lich
 49122 | Vaults:5 | Killed an ancient lich
 49123 | Vaults:5 | Reached XP level 22. HP: 188/188 MP: 22/22
 49131 | Vaults:5 | Killed a dread lich
 49234 | Vaults:5 | Got a silver rune of Zot
 49236 | Vaults:5 | Identified the +1 quarterstaff "Som Hueq" {drain, SInv}
 49759 | D:9      | Killed sirJeffrey23's ghost
 49937 | Orc:1    | Killed Manan's ghost
 49937 | Orc:1    | Killed Manan's ghost
 50576 | Vaults:5 | Reached skill level 20 in Fighting
 51151 | Vaults:5 | Identified the +4 shortbow of Sompyapp {venom, rF+ Dex+4}
 51276 | Vaults:5 | Identified the +6 sling "Dragon's Tongue" {venom, SInv}
 51313 | Vaults:5 | Identified the +11 broad axe of Gluttony {antimagic, rPois
                  | rF- rN++ Stlth+}
 51339 | Vaults:5 | Found the +12 pair of quick blades "Gyre" and "Gimble"
                  | {protect}
 51507 | Vaults:5 | Found Wetoir's Assorted Antiques.
 51513 | Vaults:5 | Reached skill level 1 in Long Blades
 51521 | Vaults:5 | Identified the +0 robe of Pinwaczu {rN+ Regen+}
 52334 | Vaults:4 | Noticed porpoise's illusion
 52363 | Vaults:4 | Killed Mara
 52965 | Depths:1 | Killed sirJeffrey23's ghost
 52967 | Depths:1 | Killed an ancient lich
 53138 | Depths:2 | Identified the +10 hand axe "Gefipue" {chaos, Str+7 Int+4
                  | SInv}
 53155 | Depths:2 | Reached skill level 5 in Long Blades
 53343 | Depths:2 | Reached skill level 1 in Short Blades
 53376 | Depths:2 | Noticed Nikola
 53388 | Depths:2 | Killed Nikola
 53601 | Depths:2 | Found a runed translucent door.
 53609 | Depths:2 | Found a runed translucent door.
 53629 | Depths:2 | Noticed an ancient lich
 53630 | Depths:2 | Noticed Bilir's ghost (adept DECj)
 53673 | Depths:2 | Found a snail-covered altar of Cheibriados.
 54019 | Depths:2 | Found a one-way gate leading to the halls of Pandemonium.
 54030 | Depths:2 | Reached XP level 23. HP: 196/196 MP: 23/23
 54456 | Depths:3 | Noticed Louise
 54464 | Depths:3 | Killed Louise
 54633 | Depths:3 | Noticed Grunn
 54646 | Depths:3 | Killed Grunn
 54945 | Depths:3 | Found a shimmering altar of Xom.
 54945 | Depths:3 | Found a shimmering altar of Xom.
 54945 | Depths:3 | Found a shimmering altar of Xom.
 54950 | Depths:3 | Found a shimmering altar of Xom.
 54950 | Depths:3 | Found a shimmering altar of Xom.
 54951 | Depths:3 | Found a shimmering altar of Xom.
 54951 | Depths:3 | Found a shimmering altar of Xom.
 54977 | Depths:3 | Noticed Boris
 55004 | Depths:3 | Killed Boris
 55316 | Depths:3 | Identified the +4 flail of Pituy {holy, rF+ Stlth+}
 55386 | Depths:3 | Reached skill level 5 in Short Blades
 56955 | Depths:4 | Entered Level 4 of the Depths
 57338 | Depths:4 | Identified the +5 great sword "Viuses" {spect, rN+ Will+
                  | rCorr}
 57501 | Depths:4 | Found a one-way gateway to a ziggurat.
 57546 | Depths:4 | Noticed a caustic shrike
 57553 | Depths:4 | Killed a caustic shrike
 57568 | Depths:4 | Reached skill level 21 in Fighting
 57822 | Depths:4 | Reached skill level 1 in Maces & Flails
 57916 | Depths:4 | Noticed a juggernaut
 57931 | Depths:4 | Killed a juggernaut
 57938 | Depths:4 | Paralysed by a floating eye for 3 turns
 58217 | Depths:4 | Found a gate to the Realm of Zot.
 58223 | Depths:4 | Gained mutation: You have claws for hands. [demonic
                  | ancestry]
 58223 | Depths:4 | Reached XP level 24. HP: 178/209 MP: 23/23
 58248 | Depths:4 | Reached skill level 5 in Maces & Flails
 58672 | Depths:4 | Identified the +7 flail of the Valley of Death {vorpal,
                  | Will++}
 58834 | Depths:4 | Got the Precepts of Imprecation and the Summer
 59311 | Elf:1    | Entered Level 1 of the Elven Halls
 59315 | Elf:1    | Paralysed by an air elemental for 1 turns
 59323 | Elf:1    | Paralysed by an air elemental for 1 turns
 59346 | Elf:1    | Paralysed by an air elemental for 1 turns
 59554 | Elf:1    | Found Pyci's Jewellery Boutique.
 59613 | Elf:1    | Found a runed translucent door.
 59613 | Elf:1    | Noticed OstrichLN's ghost (journeyman MiFi)
 59635 | Elf:1    | Noticed Kirke
 59648 | Elf:1    | Killed Kirke
 59693 | Elf:1    | Killed OstrichLN's ghost
 59893 | Elf:1    | Identified the ring of Qupuet {Drain rPois rF+ Int+10
                  | Dex+3}
 60038 | Elf:1    | Reached skill level 22 in Fighting
 60439 | Elf:1    | Found Gisus's Armour Shop.
 60443 | Elf:1    | Found Masetias's Antique Armour Shoppe.
 60464 | Elf:1    | Bought a warped scale mail for 288 gold pieces
 60464 | Elf:1    | Identified the +1 scale mail of Qoq Ush {Harm rC+ Dex+5}
                  | (You bought it in a shop on level 1 of the Elven Halls)
 60464 | Elf:1    | Bought a jewelled plate armour for 896 gold pieces
 60464 | Elf:1    | Identified the +17 plate armour of Dishonesty {rPois Will-
                  | Str+2 Int+5} (You bought it in a shop on level 1 of the
                  | Elven Halls)
 61184 | Elf:2    | Found a runed translucent gate.
 61185 | Elf:2    | Found a runed translucent gate.
 61185 | Elf:2    | Found a runed translucent gate.
 62123 | Elf:3    | Entered Level 3 of the Elven Halls
 62318 | Elf:3    | Found Mazydix's Antique Weapon Shoppe.
 62665 | Elf:3    | Reached skill level 10 in Maces & Flails
 62706 | Elf:3    | Noticed ChongLi's ghost (adept DrTm)
 62708 | Elf:3    | Found a runed translucent gate.
 62709 | Elf:3    | Found a runed translucent gate.
 62709 | Elf:3    | Found a runed translucent gate.
 62788 | Elf:3    | Killed ChongLi's ghost
 62883 | Elf:3    | Identified the +0 spear of Truncation {drain, rC- Will+
                  | rCorr}
 62975 | Elf:3    | Identified the amulet "Kirghoen" {Reflect rElec rN+ Int+3
                  | SH+5}
 63581 | Elf:3    | Identified the ring "Solojof" {MP+9 Stlth+}
 63595 | Elf:3    | Identified the +3 short sword of Bufyupp {vorpal, Will++
                  | rCorr Int+2 Stlth+}
 63648 | Elf:3    | Identified the ring "Geezazir" {rElec rF+ Dex+3}
 63659 | Elf:3    | Identified the ring of Pygae {rPois rF+ Will+ Int+2}
 63661 | Elf:3    | Identified the ring of Wawureim {Fire MP+9 Dex+4}
 63869 | Elf:3    | Identified the +11 rapier of Butuerel {drain, rF+ rC+}
 64243 | Elf:3    | Identified the +3 shortbow of Calculation {freeze, rPois
                  | rN+ Will+ Int-3}
 64687 | Crypt:1  | Entered Level 1 of the Crypt
 64831 | Crypt:1  | Reached XP level 25. HP: 66/219 MP: 23/23
 65244 | Crypt:1  | Noticed Uroast's ghost (veteran MiGl)
 66131 | Crypt:1  | Found an ancient bone altar of Kikubaaqudgha.
 66132 | Crypt:1  | Found a runed translucent door.
 66160 | Crypt:1  | Reached skill level 23 in Fighting
 66458 | Crypt:1  | Killed Uroast's ghost
 66531 | Crypt:2  | Identified the ring "Varphiaw" {Ice rPois Str-2 Dex-5 SInv}
 66531 | Crypt:2  | Noticed Josephina
 66555 | Crypt:2  | Killed Josephina
 67710 | Crypt:3  | Entered Level 3 of the Crypt
 68193 | Crypt:3  | Found a staircase to the Tomb.
 68956 | Crypt:3  | Identified the +4 morningstar of the Malding Gods {vorpal,
                  | rN+ Str+6 Dex-3}
 68956 | Crypt:3  | Identified the ring "Teragaro" {rF++ rC++ rN+ Will-}
 69278 | Crypt:3  | Identified the ring "Feseatap" {rF+ rN+ Stlth+}
 69278 | Crypt:3  | Noticed a royal mummy
 69288 | Crypt:3  | Killed a royal mummy
 69900 | Crypt:3  | Identified the +5 rapier "Uvuxa Cot" {antimagic, rC+ Dex+8}
 70000 | Crypt:3  | Got Zagrageph's Codex of Envenoming
 70895 | Crypt:3  | Identified the ring of Insomnia {rN+ Str+3 Slay+2 SInv
                  | Stlth-}
 70923 | Crypt:3  | Identified the ring of Jaroara {rElec rPois rC+ rN+ MP+9}
 71323 | Zot:1    | Entered Level 1 of the Realm of Zot
 72617 | Zot:2    | Noticed an orb of fire
 72619 | Zot:2    | Gained mutation: Armour fits poorly on your strangely
                  | shaped body. [an orb of fire]
 72629 | Zot:2    | Gained mutation: You are clumsy. (Dex -2) [an orb of fire]
 72641 | Zot:2    | Gained mutation: Potions are less effective at restoring
                  | your health. [an orb of fire]
 72644 | Zot:2    | Killed an orb of fire
 72713 | Zot:2    | Reached skill level 24 in Fighting
 73117 | Zot:2    | Gained mutation: Your presence sometimes corrodes or
                  | deforms those you injure. [demonic ancestry]
 73117 | Zot:2    | Reached XP level 26. HP: 231/231 MP: 23/23
 75337 | Zot:3    | HP: 1/231 [poisoned by a death drake (dark miasma)]
 75341 | Zot:3    | Succumbed to a death drake's foul vapour

Illustrated notes

Levels and vault maps discovered:
D:1:      dpeg_arrival_chambers_temple_mockup, layout_basic,
          chequers_serial_rivers_small_a, minmay_misc_feat_nine_boxes
D:2:      layout_basic, serial_bayou_lagoon_a, kennysheep_generic_room_15,
          uniq_jessica, uniq_crazy_yiuf_cottage
D:3:      layout_basic
D:4:      layout_gridville, uniq_duvessa, uniq_menkaure
D:5:      kennysheep_spiral_hall, layout_layer_cave
D:6:      layout_rooms, minmay_temple_entry_slanted, nicolae_alphabet_shops
D:7:      layout_basic, mainiacjoe_overflow_alcove_2, nrook_mini_backslash,
          uniq_maggie, uniq_prince_ribbit1
D:8:      layout_gridville, lemuel_tele_altar, serial_shops, shop_statue,
          hangedman_abyss_or_decor_passed, uniq_psyche
D:9:      layout_basic, nicolae_dithmenos_shadow_blocks,
          biasface_ghost_orc_armoury, nicolae_transmutations_shop,
          hangedman_decor_growths, minmay_misc_feat_ornament, uniq_erica
D:10:     layout_long_grid, kennysheep_mini, special_room [special_room_orc],
          st_stairs_3, uniq_joseph
D:11:     layout_long_grid, hellmonk_lair_entry_icy, lightli_corner_chamber
D:12:     layout_gridville, david_orc_1_choice, serial_shops,
          nicolae_shop_competitors_out_of_business, uniq_nessos
D:13:     layout_basic, hangedman_vaults_entry_quadrant_bands
D:14:     layout_rooms, nicolae_uskayaw_en_pointe
D:15:     hangedman_depths_entry_civil_slaughter, layout_long_grid, hex_tiny,
          einodemon_armed_red_devil_minivault
Temple:   regret_index_temple_chain_breaker
Lair:1:   layout_cave_pods, fungi_pond_lemuel, nicolae_quartered_pool_impasse,
          st_stairs_4, chequers_serial_rivers_micro_a, grunt_megastairs_3,
          infiniplex_staircase_pool_2
Lair:2:   layout_regular_city, guppyfry_snake_entry_garden, worms_lemuel,
          serial_bayou_shore_a, lemuel_fruit_tree
Lair:3:   gammafunk_indiana_jones, layout_gridlike, elwin_shoals_entry_stream,
          pf_torpor_hydra, uniq_sonja, uniq_amaemon
Lair:4:   layout_cave_pods, chequers_serial_rivers_small_3, grunt_megastairs_4,
          uniq_urug
Lair:5:   minmay_lair_end_frog_pond, layout_regular_city, slime_entry_1,
          lemuel_oklob_altar
Shoals:1: layout_shoals, nicolae_shop_vocational, uniq_roxanne, uniq_frances
Shoals:2: layout_shoals
Shoals:3: layout_shoals, nicolae_shop_clearance
Shoals:4: shoals_end_hellmonk_lost_city, uniq_polyphemus, uniq_mlioglotl
Snake:1:  gammafunk_sealed_arena, layout_chambers, uniq_aizul
Snake:2:  nicolae_snake_hallway, layout_basic,
          portal_ice_cave_entry_pillars_four
Snake:3:  layout_chambers
Snake:4:  grunt_snake_rune_spirals, layout_onion, serial_shops,
          nicolae_shop_temple_entry_statues_fountains
Orc:1:    layout_caves, gammafunk_ghost_cemetery, nicolae_orc_bridge_out
Orc:2:    grunt_orc_gardens, layout_diamond_mine, grunt_orc_garden,
          grunt_orc_garden, grunt_orc_garden, grunt_orc_garden,
          ebering_ghost_xom, basic_altar, uniq_saint_roka
Elf:1:    nicolae_elf_arrival_aired_out, layout_onion_city, serial_shops,
          nicolae_shop_behind_doors, ebering_ghost_inner_flame,
          evilmike_minifort, nicolae_wooded_promenade, uniq_kirke
Elf:2:    nicolae_elf_blades_crystal_corner, layout_geoelf_grid
Elf:3:    grunt_elf_hall_diamonds, layout_gridlike, serial_shops, shop,
          gammafunk_ghost_split, abandoned_shop
Vaults:1: v_alt_pattern_3, emtedronai_trogs_sanctum,
          nicolae_vaults_little_squares_3, v_pattern_5,
          nicolae_vaults_big_angled_halls, v_misc_12, nicolae_vaults_asterisk,
          v_misc_14, hangedman_vaults_stream, vaults_room_door_hall,
          dpeg_vaults_monster_row, vaults_dpeg_spiral, vaults_dpeg_hooks,
          layout_vaults_maze
Vaults:2: grunt_vaults_trifunnel, nicolae_vaults_disjoint_gnomons,
          hangedman_vaults_snaps, nicolae_vaults_little_squares_2,
          nicolae_vaults_circle_grid_a, v_misc_18, grunt_vaults_funnel,
          nicolae_vaults_big_ls, ontoclasm_vaults_shuriken,
          grunt_vaults_hallway_short, nicolae_vaults_shelves_hall,
          layout_vaults_ring, uniq_sojobo
Vaults:3: st_star, vaults_room_pool, nicolae_vaults_rhombus_6,
          nicolae_vaults_network_s, hangedman_vaults_locks,
          minmay_crypt_entry_simple_sparse, ontoclasm_vaults_loading_screen,
          vaults_room_grunt_arrival_ludios, vaults_room_fours,
          layout_vaults_omnicross, uniq_donald
Vaults:4: v_rooms_5, nicolae_vaults_big_angled_halls,
          hangedman_vaults_river_flow, v_pattern_3, vaults_room_semicircle,
          ontoclasm_vaults_eye, vaults_mumra_lcd,
          nicolae_vaults_little_squares_5, hangedman_vaults_slice,
          nicolae_vaults_stairing_the_circle, nicolae_vaults_ring_of_whatevers,
          layout_vaults_omnigrid, serial_shops, shop_coins, uniq_mara,
          uniq_margery
Vaults:5
Crypt:1:  layout_chaotic_city, hellmonk_ghost_happy_afterlife, basic_altar,
          corexii_leaking_fountain, glass_columns_c, minmay_misc_feat_pillars,
          minmay_misc_feat_alley, nicolae_crypt_twisting_catacombs,
          palyth_stone_intersect, st_small_mortuary
Crypt:2:  layout_rooms, uniq_josephina
Crypt:3:  due_elkab, layout_chaotic_city, columned_hall_lemuel,
          serial_sigils_hangedman_gut
Depths:1: layout_cave_shapes, gammafunk_ghost_necromancy,
          nicolae_hell_entry_hellmouth_sunbeams, abyss_entry, abandoned_shop,
          nicolae_diode_intersection, infiniplex_staircase_pool_lava
Depths:2: hangedman_elemental_death_ray, layout_cave_pools, hell_entry,
          rand_demon_pan_entry_4, muffindrake_ghost_dual_entry,
          cheibriados_altar_1, infiniplex_staircase_spiral, uniq_nikola
Depths:3: hourglass_vault, layout_gridlike, pan_entry, xom_redecorated,
          nicolae_abyss_entry_one_way_or_another, hangedman_coc_ice_floe,
          minmay_checkered_concentric_circles, uniq_boris, uniq_grunn
Depths:4: hangedman_pleasuredromes, pan_entry, abyss_entry, hell_entry
Zot:1:    layout_gridlike
Zot:2:    layout_concentric_octagons
Zot:3:    lemuel_draconian_sentries, layout_misc_corridors, grunt_megastairs_2,
          lemuel_elevator

Skill      XL: |  1  2  3  4  5  6  7  8  9 10 11 12 13 14 15 16 17 18 19 20 21 22 23 24 25 26 |
---------------+-------------------------------------------------------------------------------+-----
Polearms       | 3 4 5 6 7 9 10 11 12 14 | 14.0
Fighting       | 3 4 5 7 9 11 13 14 16 18 19 20 21 22 24 | 24.0
Armour         | 3 5 7 9 12 14 | 14.5
Shields        | 3 5 6 7 9 10 12 14 | 14.1
Dodging        | 3 5 6 7 10 13 14 15 16 17 18 | 18.0
Evocations     | 2 5 8 9 11 16 | 16.0
Unarmed Combat | 7 9 11 12 14 15 16 17 19 20 21 | 21.8
Throwing       | 5 6 8 |  8.0
Long Blades    | 6 |  6.0
Short Blades   | 2 6 |  6.9
Maces & Flails | 4 11 12 | 12.0

Action                   |  1- 3 |  4- 6 |  7- 9 | 10-12 | 13-15 | 16-18 | 19-21 | 22-24 | 25-27 || total
-------------------------+-------+-------+-------+-------+-------+-------+-------+-------+-------++-------
Melee: Trident           |   107 |   111 |   192 |       |       |       |       |    20 |       ||   430
       Kick              |       |    24 |    68 |   125 |   337 |   478 |   789 |   888 |   494 ||  3203
       Punch             |       |     2 |     1 |     4 |       |       |       |     6 |       ||    13
       Tailslap          |       |     3 |    27 |    61 |   156 |   208 |   376 |   388 |   242 ||  1461
       Halberd           |       |       |   114 |       |       |       |       |       |       ||   114
       Demon trident     |       |       |       |   493 |  1002 |  1203 |  1545 |  1096 |    13 ||  5352
       Unarmed           |       |       |       |     3 |       |       |   132 |   413 |  1011 ||  1559
       Broad axe         |       |       |       |       |       |       |       |    16 |       ||    16
       Demon whip        |       |       |       |       |       |       |       |   384 |    19 ||   403
 Fire: Sling             |       |       |     2 |     3 |     3 |    36 |       |     3 |       ||    47
Throw: Throwing net      |       |     2 |       |       |       |       |       |       |       ||     2
       Javelin           |       |     1 |       |     1 |    14 |       |       |       |       ||    16
       Dart              |       |     2 |    14 |    15 |     4 |       |       |     3 |       ||    38
       Boomerang         |       |       |       |       |     1 |       |       |       |       ||     1
Invok: Lunge             |       |       |    13 |    24 |   106 |   160 |   114 |   143 |    99 ||   659
       Whirlwind         |       |       |       |    19 |   285 |   231 |   555 |   636 |   303 ||  2029
       Serpent's Lash    |       |       |       |       |    11 |     5 |     1 |       |       ||    17
       Heavenly Storm    |       |       |       |       |       |     2 |     1 |     1 |       ||     4
 Abil: Wall Jump         |       |       |       |       |     1 |     1 |       |       |       ||     2
Evoke: Wand              |       |       |     1 |     4 |     4 |     1 |       |     2 |     5 ||    17
       Box of beasts     |       |       |       |       |     2 |     1 |       |     2 |       ||     5
       Tin of tremorston |       |       |       |       |     2 |       |     3 |       |     2 ||     7
       Phantom mirror    |       |       |       |       |       |       |       |     1 |       ||     1
  Use: Scroll            |       |     4 |    13 |     8 |    11 |     9 |     3 |     9 |     5 ||    62
       Potion            |       |     1 |       |     7 |     3 |     3 |     1 |    10 |    22 ||    47
 Stab: Petrified         |       |       |       |     3 |       |       |       |       |       ||     3
       Invisible         |       |       |       |       |     7 |     1 |       |       |     4 ||    12
       Distracted        |       |       |       |       |     1 |       |       |     3 |     3 ||     7
       Sleeping          |       |       |       |       |     1 |       |       |       |       ||     1
Armor: Leather armour    |    33 |    18 |    33 |       |       |       |       |       |       ||    84
       Scale mail        |       |       |    96 |    99 |   149 |       |       |       |       ||   344
       Swamp dragon scal |       |       |       |       |    44 |       |       |       |       ||    44
       Chain mail        |       |       |       |       |     3 |   170 |       |       |       ||   173
       Crystal plate arm |       |       |       |       |       |    79 |   458 |   538 |   294 ||  1369
Dodge: Dodged            |    47 |    33 |   110 |   131 |   307 |   509 |   534 |   591 |   281 ||  2543
Block: Kite shield       |       |       |       |    87 |   184 |   405 |   748 |   806 |   592 ||  2822
       Buckler           |       |       |       |       |    95 |   110 |       |       |       ||   205
       Reflection        |       |       |       |       |       |    74 |    46 |    60 |     1 ||   181

Table legend: (Time is in decaauts)
 A = Elapsed time spent in this place.
 B = Non-inter-level travel time spent in this place.
 C = Inter-level travel time spent in this place.
 D = Time resting spent in this place.
 E = Time spent auto-exploring this place.
 F = Levels seen in this place.
 G = Mean time per level.
                   A        B        C        D        E       F      G
               +--------+--------+--------+--------+--------+-----+--------+
         Total |  74474 |  66569 |   7905 |  22238 |  29094 |  51 | 1460.3 |
       Dungeon |  20821 |  18258 |   2563 |   6475 |   8953 |  15 | 1388.1 |
        Temple |    161 |    146 |     15 |      0 |    108 |   1 |  161.0 |
          Lair |   9036 |   7768 |   1268 |   1800 |   3472 |   5 | 1807.2 |
        Shoals |   4367 |   4013 |    354 |    942 |   1797 |   4 | 1091.8 |
     Snake Pit |   5788 |   5373 |    415 |   1502 |   2868 |   4 | 1447.0 |
  Orcish Mines |   2418 |   2054 |    364 |    734 |    880 |   2 | 1209.0 |
   Elven Halls |   4657 |   4237 |    420 |    947 |   2161 |   3 | 1552.3 |
        Vaults |   9491 |   8093 |   1398 |   2184 |   3330 |   5 | 1898.2 |
         Crypt |   6030 |   5665 |    365 |   2930 |   1684 |   3 | 2010.0 |
        Depths |   6816 |   6166 |    650 |   2206 |   2317 |   4 | 1704.0 |
           Zot |   3984 |   3896 |     88 |   2186 |   1200 |   3 | 1328.0 |
         Abyss |     41 |     41 |      0 |      0 |     14 |   1 |   41.0 |
      Ice Cave |    857 |    857 |      0 |    328 |    310 |   1 |  857.0 |
               +--------+--------+--------+--------+--------+-----+--------+

Top non-repeatable levels by time:
  Lair:1: 3254 daAuts
 Crypt:3: 2707 daAuts
Depths:3: 2651 daAuts
Vaults:4: 2328 daAuts
    D:11: 2270 daAuts
    D:10: 2018 daAuts
  Lair:2: 1992 daAuts
Vaults:3: 1990 daAuts
 Crypt:1: 1927 daAuts
Vaults:1: 1868 daAuts
    D:13: 1757 daAuts
    D:12: 1746 daAuts
 Snake:3: 1713 daAuts
Vaults:2: 1655 daAuts
Vaults:5: 1648 daAuts
